Map: [ESL] Hecate

Players

Kelazhur - Winner!

  • Race: Terran Terran
  • Spawn Location: 1:00

SpeCial

  • Race: Terran Terran
  • Spawn Location: 7:00

Event: ESL SC2 Masters 2023 Winter (Regional)

VOD

Have the link to the VOD?

Description

Time

  • Played on: Nov. 17, 2023, 2:24 p.m.
  • Length: 14:14

All games in this series

Show
View Real Time Build Order
Export as new Build Order

Kelazhur Terran - Winner!

Build Orders: Reaper Expand 

Get SALT Encoding   

  12  0:00  SCV  
  13  0:12  SCV  
  14  0:17  Supply Depot  
  14  0:24  SCV  
  15  0:38  SCV  
  15  0:40  Barracks  
  16  0:43  Refinery  
  16  0:50  SCV  
  17  1:02  SCV  
  18  1:15  SCV  
  19  1:27  Orbital Command, Reaper  
  20  1:38  Command Center  
  20  1:47  Supply Depot  
  20  1:53  SCV  
  21  1:59  Marine  
  22  2:03  Factory  
  22  2:07  SCV  
  23  2:18  Marine  
  23  2:19  SCV  
  24  2:27  Refinery  
  24  2:32  SCV  
  24  2:35  Marine  
  26  2:44  SCV  
  27  2:47  Hellion  
  28  2:53  Marine  
  28  2:56  SCV  
  28  2:57  Orbital Command  
  29  3:01  Starport  
  29  3:08  Cyclone, SCV  
  29  3:11  Marine  
  32  3:20  SCV  
  32  3:24  SCV  
  34  3:29  Marine  
  34  3:32  SCV  
  35  3:36  SCV  
  35  3:40  Cyclone  
  35  3:44  SCV  
  35  3:47  Marine  
  35  3:48  SCV  
  37  3:54  Starport Tech Lab  
  35  3:56  SCV  
  35  3:59  Refinery  
  35  4:00  SCV  
  37  4:04  Marine  
  37  4:08  SCV  
  39  4:12  SCV  
  39  4:15  Cyclone  
  39  4:16  Raven, Cloaking Field  
  39  4:20  SCV  
  39  4:23  Marine  
  40  4:24  SCV  
  41  4:33  SCV  
  41  4:36  Command Center, SCV  
  43  4:45  SCV  
  43  4:47  Cyclone  
  43  4:48  SCV  
  43  4:53  Raven, Barracks Reactor  
  43  4:57  SCV  
  46  5:11  Supply Depot  
  46  5:14  Barracks  
  46  5:15  Barracks  
  46  5:17  SCV  
  46  5:23  Factory Tech Lab  
  46  5:29  SCV  
  46  5:32  Raven  
  46  5:33  SCV  
  45  5:37  Marine x2  
  45  5:41  SCV  
  48  5:44  Siege Tank  
  48  5:45  SCV  
  48  5:46  Supply Depot  
  52  5:54  SCV, Engineering Bay  
  52  5:55  Marine x2  
  55  5:57  SCV  
  54  6:06  SCV  
  54  6:07  Barracks Tech Lab  
  54  6:08  Barracks Tech Lab  
  54  6:09  SCV  
  54  6:10  Orbital Command  
  56  6:12  Raven  
  56  6:18  SCV  
  59  6:21  SCV  
  60  6:27  Marauder x2  
  60  6:30  Stimpack, SCV  
  65  6:37  Refinery  
  65  6:39  Marine x2  
  68  6:40  Siege Tank  
  68  6:43  SCV  
  72  6:48  SCV x2  
  72  6:51  Supply Depot  
  72  6:53  Barracks  
  73  6:55  SCV  
  73  6:56  Marauder  
  73  6:58  Marine  
  77  7:04  SCV, Marine  
  77  7:07  Marauder  
  75  7:08  SCV  
  75  7:11  SCV  
  74  7:17  SCV  
  74  7:20  Barracks, SCV  
  76  7:28  Marauder, Marine x2  
  76  7:29  SCV  
  77  7:32  Terran Infantry Weapons Level 1  
  77  7:35  SCV  
  77  7:37  Marauder  
  80  7:41  Supply Depot  
  80  7:42  SCV  
  81  7:48  SCV x2  
  81  7:50  Marauder  
  82  7:53  Starport Reactor  
  82  7:54  SCV, Marine x2  
  82  7:56  Missile Turret  
  85  8:09  Combat Shield, Marine  
  85  8:10  Marauder, SCV x2  
  85  8:11  Marauder  
  93  8:13  Orbital Command  
  93  8:21  Marine  
  93  8:25  Supply Depot x2  
  93  8:29  SCV  
  93  8:32  Marine, Marauder, SCV  
  93  8:33  Marine  
  93  8:35  Marine  
  93  8:37  Marauder  
  85  8:41  SCV  
  85  8:44  Marine  
  85  8:48  Siege Tank  
  85  8:49  SCV  
  85  8:50  SCV, Marine  
  85  8:51  Marine  
  85  8:53  Marauder, Marine  
  90  8:57  Viking x2  
  90  8:59  SCV, Marauder  
  90  9:01  SCV  
  90  9:02  Marine  
  99  9:07  Marine  
  99  9:09  SCV, Marine  
  98  9:11  Marine  
  98  9:14  Marauder  
  95  9:18  SCV  
  95  9:19  SCV  
  95  9:20  Siege Tank, Marauder  
  98  9:27  Marine, SCV  
  98  9:29  Marine  
  98  9:31  Barracks Tech Lab  
  100  9:35  SCV x2  
  100  9:36  Marauder  
  100  9:37  Terran Infantry Armor Level 1  
  100  9:38  Barracks Reactor  
  104  9:39  SCV  
  104  9:41  Marauder  
  104  9:43  Armory, Refinery  
  104  9:44  Marine  
  104  9:45  Supply Depot  
  108  9:46  Supply Depot  
  108  9:47  SCV  
  108  9:49  Marauder, Marine  
  106  9:56  Concussive Shells  
  106  9:57  Medivac  
  108  10:02  Marine  
  108  10:07  Marauder, SCV x3, Marine x2  
  112  10:11  Medivac, Marauder  
  120  10:16  Command Center  
  120  10:19  SCV  
  120  10:20  Marauder  
  120  10:21  Marine  
  122  10:23  Marine  
  122  10:25  Marine  
  122  10:27  SCV x2  
  119  10:28  Marauder  
  119  10:29  Siege Tank  
  119  10:31  SCV  
  119  10:32  Marauder  
  119  10:33  Marine  
  122  10:38  Marine  
  122  10:39  SCV x2  
  125  10:54  Supply Depot  
  125  10:55  Marauder x2, SCV x3, Marine  
  133  10:58  Refinery  
  133  10:59  Supply Depot  
  133  11:15  SCV, Marine x3  
  133  11:16  Viking, Marauder  
  141  11:21  Siege Tank, Marauder x2  
  148  11:27  Liberator  
  148  11:31  Terran Infantry Weapons Level 2  
  148  11:32  Orbital Command  
  151  11:33  Supply Depot, SCV x3  
  151  11:37  Marauder  
  156  11:43  Marine x3, Marauder x2  
  156  11:45  SCV  
  164  11:54  Marine  
  164  11:55  SCV  
  164  11:58  Siege Tank  
  164  11:59  Marauder  
  171  12:07  Marine  
  171  12:08  SCV x2, Marine  
  172  12:19  Marine x2  
  172  12:20  Marauder x2  
  172  12:22  Medivac x2  
  171  12:23  Marauder  
  171  12:25  Marine  
  170  12:31  Siege Tank  
  170  12:39  SCV x2  
  170  12:40  Barracks  
  170  12:43  Barracks  
  172  12:44  Barracks  
  172  12:48  SCV, Supply Depot x2  
  172  12:49  Marauder, SCV  
  172  12:51  Marine  
  171  12:54  Marauder  
  171  12:56  Marauder  
  171  12:57  Marine x2  
  172  13:07  Marine  
  172  13:09  Siege Tank, Liberator x2  
  172  13:10  Marauder  
  182  13:15  Marauder  
  182  13:18  Marauder  
  186  13:25  SCV x2  
  186  13:26  Refinery  
  188  13:27  Starport, Refinery  
  188  13:28  Starport  
  188  13:29  Supply Depot  
  188  13:31  Barracks Tech Lab  
  188  13:32  Barracks Tech Lab  
  188  13:38  Command Center  
  188  13:50  Marauder x2, Marine x3  
Show
View Real Time Build Order
Export as new Build Order

SpeCial Terran 

Build Orders: Cyclone Opening, Mech 

Get SALT Encoding   

  12  0:00  SCV  
  13  0:12  SCV  
  14  0:18  Supply Depot  
  14  0:24  SCV  
  15  0:39  SCV  
  15  0:40  Barracks  
  16  0:46  Refinery  
  16  0:51  SCV  
  16  0:55  Refinery  
  17  1:04  SCV  
  18  1:16  SCV  
  19  1:28  Orbital Command, Reaper  
  20  1:34  Supply Depot  
  20  1:45  Factory  
  20  1:54  SCV  
  21  2:00  Reaper  
  22  2:06  SCV  
  22  2:08  Bunker  
  23  2:18  SCV  
  23  2:29  Cyclone  
  25  2:30  SCV  
  25  2:32  Reaper  
  27  2:38  Command Center  
  27  2:43  SCV  
  28  2:55  SCV  
  28  3:01  Starport  
  28  3:03  Cyclone  
  30  3:07  Supply Depot  
  30  3:11  SCV  
  30  3:23  SCV  
  31  3:35  SCV  
  31  3:39  Cyclone, Medivac  
  36  3:47  SCV  
  36  3:50  Marine, Refinery  
  35  3:56  Factory  
  35  3:57  Orbital Command  
  35  4:00  SCV  
  36  4:05  Supply Depot  
  36  4:08  Marine  
  37  4:14  Cyclone  
  38  4:28  SCV  
  38  4:29  Liberator  
  42  4:34  SCV  
  42  4:40  SCV  
  44  4:46  SCV  
  44  4:49  Barracks  
  44  4:52  Factory Tech Lab, Factory Reactor  
  42  4:55  SCV  
  42  4:58  SCV  
  44  5:07  SCV  
  45  5:10  SCV  
  45  5:11  Cyclone, Hurricane Engines  
  45  5:12  Command Center  
  48  5:19  Liberator, SCV  
  52  5:22  Supply Depot  
  52  5:23  SCV  
  53  5:31  Cyclone x2  
  53  5:35  SCV  
  52  5:37  SCV  
  49  5:43  Cyclone  
  51  5:50  SCV x2  
  53  6:02  SCV x2  
  53  6:03  Cyclone x2  
  59  6:07  Liberator  
  60  6:14  SCV x2  
  60  6:15  Cyclone  
  63  6:24  Orbital Command  
  60  6:26  SCV x2  
  60  6:27  Engineering Bay  
  60  6:38  SCV x2  
  60  6:39  Cyclone  
  64  6:40  Cyclone  
  65  6:49  Siege Tank  
  65  6:50  Viking, SCV x2  
  65  6:52  SCV  
  72  6:57  Engineering Bay  
  72  7:02  SCV x2  
  72  7:04  SCV  
  73  7:11  Cyclone  
  73  7:12  Cyclone  
  73  7:14  SCV  
  73  7:15  SCV  
  79  7:16  SCV  
  80  7:23  Refinery  
  80  7:27  SCV x2  
  80  7:28  Factory, SCV  
  80  7:33  Siege Tank  
  83  7:39  SCV x2  
  85  7:47  SCV  
  85  7:48  Liberator  
  85  7:49  Missile Turret  
  85  7:51  SCV x2, Refinery  
  88  7:59  SCV  
  88  8:03  SCV x2  
  91  8:09  Cyclone x2  
  93  8:15  Missile Turret  
  93  8:18  Missile Turret  
  93  8:21  Missile Turret  
  93  8:23  Factory Tech Lab  
  93  8:24  Supply Depot  
  93  8:28  SCV x2, Supply Depot  
  93  8:30  SCV  
  93  8:32  Siege Tank  
  93  8:41  Cyclone x2  
  90  8:42  Siege Tank  
  90  8:45  SCV  
  90  8:47  Viking  
  90  8:48  SCV x2  
  88  8:57  SCV  
  88  9:00  SCV x2  
  88  9:07  Siege Tank  
  87  9:11  SCV  
  87  9:12  SCV  
  87  9:13  Cyclone x2  
  85  9:17  SCV  
  85  9:23  SCV  
  87  9:24  SCV  
  87  9:25  Missile Turret  
  87  9:27  Missile Turret  
  87  9:29  Starport Reactor, Armory  
  85  9:32  Factory  
  85  9:36  SCV x3, Refinery  
  88  9:42  Siege Tank  
  88  9:45  Cyclone x2  
  95  9:49  Siege Tank  
  92  10:00  SCV x2  
  92  10:01  Command Center  
  92  10:02  Missile Turret  
  92  10:04  Missile Turret  
  94  10:14  Siege Tank  
  97  10:15  Missile Turret  
  97  10:16  Factory  
  97  10:18  SCV  
  98  10:25  Cyclone x2  
  98  10:27  Siege Tank  
  98  10:30  SCV x2  
  94  10:41  Cyclone  
  94  10:42  Cyclone, SCV  
  99  10:46  Siege Tank  
  99  10:48  Missile Turret  
  99  10:49  Missile Turret  
  102  10:50  SCV  
  102  10:54  SCV  
  104  10:59  Orbital Command  
  104  11:03  Terran Vehicle Weapons Level 1, Missile Turret  
  104  11:04  Missile Turret, Refinery x2  
  104  11:06  Hellion x2  
  104  11:09  Factory Tech Lab  
  108  11:14  Hellion  
  104  11:22  SCV x2  
  104  11:25  SCV  
  106  11:34  Missile Turret, SCV x2  
  106  11:36  Siege Tank x2  
  106  11:37  Sensor Tower  
  114  11:40  Siege Tank  
  114  11:45  Hellion  
  114  11:46  Hellion  
  116  11:51  Hellion  
  117  11:57  Hellion  
  119  12:03  SCV x3  
  121  12:10  Missile Turret  
  121  12:11  Sensor Tower  
  121  12:12  Siege Tank  
  124  12:20  Hellion x2  
  124  12:22  Hellion  
  122  12:23  Siege Tank  
  122  12:25  Hellion  
  122  12:26  Hellion  
  119  12:38  SCV  
  119  12:39  SCV x2  
  119  12:40  Supply Depot  
  119  12:41  Hellion  
  124  12:55  Hellion  
  124  13:02  Siege Tank x2, Cyclone  
  132  13:06  Missile Turret  
  132  13:08  Sensor Tower  
  132  13:16  Cyclone x2  
  132  13:17  Cyclone  
  130  13:22  SCV x2  
  131  13:29  Supply Depot  
  131  13:30  Supply Depot  
  130  13:34  Siege Tank  
  130  13:38  Cyclone  
  131  13:49  SCV  
  127  14:02  Missile Turret  
Tags
 
Add a new tag
Caveats
  • Supply blocks, unpowered buildings, or Contaminate may cause inaccurate times.
  • Supply counts are checked every 10 seconds.